AoeStats
← Red Calypso

Lombardia

509789840Analyzed
4v4 RM · 4d ago on Sep 28, 2026· 33m 39s· 8 players
Game mode
Random Map
Map size
Large (8 player)
Population
200
Speed
Normal
Resources
Standard
Victory
Conquest
Starting age
Dark Age
Ending age
Imperial Age
RankedLock teamsTeams togetherTeam positionsShared explorationLock speedFull tech treeHidden civsTurbo modeCheats
Victory
Defeat
1534
+15
🇲🇽 Hindustanis · Mexico
1510
+16
🇵🇪 Sicilians · Peru
1398
+20
🇲🇽 Khmer · Mexico
1384
+21
🇺🇸 Varangians · United States
1538
-20
🇺🇸 Mongols · United States
1534
-19
🇺🇸 Hindustanis · United States
1481
-17
🇦🇹 Slavs · Austria
1445
-16
AnuBis Killer
2:51 Loom
6:39 Loom
8:54 Feudal Age
13:34 Scale Barding Armor
18:39 Bloodlines
22:19 Castle Age
22:02 Forging
23:37 Chain Barding Armor
24:04 Iron Casting
23:45 Husbandry
26:41 Wheelbarrow
26:38 Double-Bit Axe
ZEK000
8:24 Loom
11:05 Feudal Age
15:11 Castle Age
13:28 Double-Bit Axe
14:29 Horse Collar
16:26 Bow Saw
21:05 Wheelbarrow
20:36 Town Watch
25:26 Gold Mining
29:18 Imperial Age
28:04 Scale Barding Armor
28:09 Forging
29:07 Chain Barding Armor
28:59 Bloodlines
28:50 Husbandry
30:13 Iron Casting
29:21 Heavy Camel Rider
30:51 Gold Shaft Mining
31:00 Hand Cart
31:42 Plate Barding Armor
32:39 Imperial Camel Rider
33:50 Stone Mining
Alex Kriz Froz
6:39 Loom
9:31 Feudal Age
18:18 Double-Bit Axe
18:16 Horse Collar
20:43 Wheelbarrow
23:46 Scale Mail Armor
23:57 Forging
26:35 Castle Age
24:39 Arson
27:24 Squires
28:04 Bow Saw
28:24 Chain Mail Armor
27:44 Pikeman
29:35 Town Watch
29:39 Gambesons
32:01 Hand Cart
33:37 Town Patrol
34:42 Iron Casting
XEVER | Matluck el mero mero
4:57 Loom
10:34 Feudal Age
15:18 Castle Age
14:04 Horse Collar
14:11 Double-Bit Axe
15:44 Scale Barding Armor
16:01 Bloodlines
20:53 Forging
25:45 Wheelbarrow
26:03 Bow Saw
27:00 Stone Mining
28:12 Fletching
28:53 Ballistics
29:40 Bodkin Arrow
29:59 Gold Mining
31:16 Bloodlines
32:25 Padded Archer Armor
Ice2207
6:06 Loom
8:46 Feudal Age
11:43 Double-Bit Axe
18:54 Horse Collar
21:49 Castle Age
21:40 Wheelbarrow
24:44 Scale Barding Armor
26:19 Fletching
27:11 Scale Mail Armor
28:07 Chain Mail Armor
30:09 Forging
29:48 Arson
32:13 Iron Casting
32:51 Hand Cart
33:16 Heavy Plow
Red Calypso
11:09 Feudal Age
11:24 Loom
15:54 Castle Age
15:50 Double-Bit Axe
22:10 Scale Barding Armor
26:41 Horse Collar
33:26 Redemption
33:37 Sanctity
not sure
9:01 Feudal Age
9:31 Double-Bit Axe
10:28 Horse Collar
13:54 Bloodlines
21:08 Castle Age
19:40 Scale Barding Armor
23:54 Chain Barding Armor
23:44 Forging
24:13 Bow Saw
29:31 Wheelbarrow
35:07 Imperial Age
32:57 Husbandry
33:53 Iron Casting
[um] The Inland taipan
10:26 Feudal Age
12:38 Feudal Age
16:33 Castle Age
15:35 Double-Bit Axe
16:32 Fletching
16:57 Loom
19:38 Bodkin Arrow
Connection lost

Rejoining the realm…

Still unreachable

The connection could not be restored.

Session expired

The server has moved on; the page needs a fresh start.